 Dungeon Crawl Stone Soup version 0.21.1-1-g345015f (webtiles) character file.

76 PotatoWhiskey the Skirmisher (level 4, -1/36 HPs)
             Began as a Demonspawn Abyssal Knight on Mar 30, 2018.
             Was a Believer of Lugonu.
             Shot with an arrow by a centaur (9 damage)
             ... on level 3 of the Dungeon.
             The game lasted 00:15:12 (2846 turns).

PotatoWhiskey the Skirmisher (DsAK)                 Turns: 2846, Time: 00:15:13

Health: -1/36      AC:  3    Str: 13    XL:     4   Next: 12%
Magic:  6/6        EV: 12    Int: 13    God:    Lugonu [**....]
Gold:   125        SH:  0    Dex: 13    Spells: 3/3 levels left

rFire    . . .     SeeInvis .   a - +1 spear
rCold    + . .     Gourm    .   (no shield)
rNeg     . . .     Faith    .   b - +0 leather armour
rPois    .         Spirit   .   (no helmet)
rElec    .         Reflect  .   (no cloak)
rCorr    .         Harm     .   (no gloves)
MR       .....                  (no boots)
Stlth    ..........             (no amulet)
HPRegen  0.12/turn              d - ring of protection from cold
MPRegen  0.10/turn              m - ring of loudness

@: no status effects
A: demonic guardian 1
a: Depart the Abyss, Bend Space, Renounce Religion


You were on level 3 of the Dungeon.
You worshipped Lugonu.
Lugonu was pleased with you.
You were not hungry.

You visited 1 branch of the dungeon, and saw 3 of its levels.
You visited the Abyss 1 time.

You collected 125 gold pieces.

Inventory:

Hand Weapons
 a - a +1 spear (weapon)
Armour
 b - a +0 leather armour (worn)
Jewellery
 d - a ring of protection from cold (left hand)
 m - a ring of loudness (right hand)
 o - an uncursed amulet of rage {unknown}
Scrolls
 e - 2 scrolls of remove curse
 f - a scroll of immolation {unknown}
 g - 2 scrolls of teleportation
 k - 3 scrolls of identify {unknown}
 l - a scroll of amnesia {unknown}
 p - a scroll of enchant armour {unknown}
Potions
 h - a potion of heal wounds {unknown}
 i - a potion of brilliance {unknown}
 j - a potion of berserk rage {unknown}
 n - a potion of curing {unknown}
Comestibles
 c - 6 rations
 q - 2 chunks of flesh


   Skills:
 + Level 3.6 Fighting
 + Level 2.2 Polearms
 + Level 2.3 Armour
 + Level 1.6 Dodging
 + Level 3.3 Invocations


You had 3 spell levels left.
You didn't know any spells.

Dungeon Overview and Level Annotations

Branches:
Dungeon (3/15)

Altars:
Kikubaaqudgha
Vehumet


Innate Abilities, Weirdness & Mutations

A weak demonic guardian rushes to your aid.


Message History

The centaur shoots an arrow.
The arrow hits you.
You see here an arrow.
The centaur wields a shortbow.
The centaur shoots an arrow.
The arrow hits your iron imp.
Your iron imp completely misses the centaur.
You see here an arrow.
The centaur wields a shortbow.
The centaur shoots an arrow.
The arrow hits you!
You see here 2 arrows.
The centaur shoots an arrow.
The arrow hits your shadow imp!
Your shadow imp dies!
The centaur shoots an arrow.
The arrow barely misses you.
The centaur shoots an arrow.
The arrow hits you!
You see here an arrow.
The centaur shoots an arrow.
The arrow hits you.
* * * LOW HITPOINT WARNING * * *
You see here an arrow.
The centaur shoots an arrow.
The arrow completely misses you.
The centaur shoots an arrow.
The arrow barely misses you.
The centaur shoots an arrow.
The arrow hits you!
You die...

....########
...........# #######
#..##......######......#
##.##.......(c(........#
#..##...(.(###.#.......#
...........# #.(5......#
#.........c######......#
##.#.........((........#
#........#..####@(.....#
...####....(# #.###....
..........#.####.#######
.#####............... .#
#.##.#>####..... ##
#.##..............
#.#.........## ..
#.#...####### ..###.
#.#.......... .....


You could see a centaur.

Vanquished Creatures
  A gnoll (D:1)
  An adder (D:2)
  An ooze (D:1)
  4 dart slugs
  A leopard gecko (D:2)
  A giant cockroach (D:1)
  5 hobgoblins
  A ball python (D:1)
  7 bats
  2 frilled lizards (D:1)
  6 goblins
  A jackal skeleton (D:2)
  10 kobolds
  5 rats
46 creatures vanquished.

Vanquished Creatures (others)
  A human (D:2)
1 creature vanquished.

Grand Total: 47 creatures vanquished

Notes
Turn   | Place    | Note
-------+----------+-------------------------------------------
     0 | Abyss:1  | PotatoWhiskey the Demonspawn Abyssal Knight began the quest for the Orb.
     0 | Abyss:1  | Reached XP level 1. HP: 18/18 MP: 2/2
   150 | Abyss:1  | Noticed a large abomination
   156 | D:1      | Escaped the Abyss
   469 | D:1      | Reached skill level 1 in Dodging
   671 | D:1      | Gained mutation: A weak demonic guardian rushes to your aid. [demonic ancestry]
   671 | D:1      | Reached XP level 2. HP: 23/24 MP: 3/3
  1268 | D:1      | Reached XP level 3. HP: 27/29 MP: 5/5
  1285 | D:1      | Reached ** piety under Lugonu
  2297 | D:2      | Found an ancient bone altar of Kikubaaqudgha.
  2297 | D:2      | Noticed a human
  2301 | D:2      | Killed a human
  2562 | D:2      | Reached XP level 4. HP: 33/36 MP: 6/6
  2734 | D:3      | Found a radiant altar of Vehumet.
  2826 | D:3      | Noticed a centaur
  2846 | D:3      | Shot with an arrow by a centaur

Skill      XL: |  1  2 |
---------------+-------+-----
Dodging        | 1 |  1.6
Polearms       | 2 |  2.2
Armour         | 2 |  2.3
Invocations    | 3 |  3.3
Fighting       | |  3.6

Action                   |  1- 3 |  4- 6 || total
-------------------------+-------+-------++-------
Melee: Spear             |   192 |    11 ||   203
  Use: Potion            |     1 |       ||     1
       Scroll            |     1 |     1 ||     2
  Eat: Ration            |     1 |     1 ||     2
Armor: Leather armour    |    52 |     2 ||    54
Dodge: Dodged            |   118 |    10 ||   128
